 Dungeon Crawl Stone Soup version 0.30-a0-652-gcc886f7154 (webtiles) character file.

Game seed: 5421853766933479973

2077 PyroL the Geomancer (level 9, -22/52 HPs)
             Began as a Gargoyle Earth Elementalist on Jan 17, 2023.
             Killed by an exploding Maggie (34 damage)
             ... ignited by their inner flame
             ... on level 6 of the Dungeon.
             The game lasted 00:10:55 (5289 turns).

PyroL the Geomancer (Gargoyle Earth Elementalist)   Turns: 5289, Time: 00:10:56

Health: -22/52     AC: 12    Str: 15    XL:     9   Next: 26%
Magic:  0/15       EV: 12    Int: 25    God:
Gold:   213        SH:  0    Dex: 10    Spells: 10/16 levels left

rFire   . . .      SeeInvis .    y - +2 dagger (holy)
rCold   . . .      Faith    .    (no shield)
rNeg    + + .      Spirit   .    a - +0 robe
rPois   ∞          Reflect  .    (no helmet)
rElec   +          Harm     .    z - +0 cloak
rCorr   .          Rampage  .    p - +1 pair of gloves
Will    +....                    q - +0 pair of boots of Action {*Corrode Str+3 Int+5}
Stlth   ++                       l - amulet of regeneration
HPRegen 1.08/turn                o - ring of positive energy
MPRegen 0.14/turn                h - ring of willpower

@: no status effects
A: sickness immunity, AC +6, negative energy resistance 1, electricity
resistance, torment resistance 1, petrification resistance
a: no special abilities


You were on level 6 of the Dungeon.
You visited 1 branch of the dungeon, and saw 6 of its levels.

You collected 213 gold pieces.

Inventory:

Hand Weapons
 y - a +2 dagger of holy wrath (weapon)
Armour
 a - a +0 robe (worn)
 p - a +1 pair of gloves (worn)
 q - the +0 pair of boots of Action (worn) {*Corrode Str+3 Int+5}
   (You found it on level 3 of the Dungeon)

   Str:       It affects your strength (+3).
   Int:       It affects your intelligence (+5).
   *Corrode:  It may corrode you when you take damage.
 z - a +0 cloak (worn)
Jewellery
 d - a +6 ring of dexterity
 h - a ring of willpower (right hand)
 l - an amulet of regeneration (around neck)
 o - a ring of positive energy (left hand)
 u - a +6 ring of strength
Wands
 v - a wand of roots (13)
 B - a wand of mindburst (12)
Scrolls
 c - a scroll of noise {unknown}
 f - 2 scrolls of immolation
 g - a scroll of silence
 i - a scroll of fog
 j - a scroll of enchant armour
 m - 2 scrolls of amnesia {unknown}
 w - a scroll of magic mapping
 x - a scroll of butterflies
 C - a scroll of vulnerability
Potions
 b - 2 potions of magic
 e - a potion of lignification
 k - 2 potions of berserk rage
 n - 3 potions of curing
 r - 2 potions of flight
 s - a potion of mutation
 t - a potion of attraction


   Skills:
 - Level 4.0 Fighting
 * Level 2.0 Short Blades
 * Level 2.5 Dodging
 - Level 2.1 Stealth
 * Level 2.2 Unarmed Combat
 - Level 4.0 Spellcasting
 - Level 6.0 Conjurations
 - Level 0.7 Transmutations
 - Level 10.0 Earth Magic


You had 10 spell levels left.
You knew the following spells:

 Your Spells              Type           Power      Damage    Failure   Level
a - Sandblast             Erth           100%       2d20      1%          1
b - Stone Arrow           Conj/Erth      90%        3d12      1%          3
c - Passwall              Tmut/Erth      25%        N/A       1%          2

Your spell library contained the following spells:

 Spells                   Type           Power      Damage    Failure   Level
 Apportation              Tloc           10%        N/A       9%          1
 Slow                     Hex            20%        N/A       9%          1
 Petrify                  Tmut/Erth      31%        N/A       10%         4
 Ensorcelled Hibernation  Hex/Ice        10%        N/A       14%         2
 Spider Form              Tmut/Pois      6%         N/A       24%         3
 Confusing Touch          Hex            5%         N/A       26%         3
 Vampiric Draining        Necr           5%         2d6       26%         3
 Anguish                  Hex/Necr       2%         N/A       65%         4
 Alistair's Intoxication  Tmut/Pois      4%         N/A       91%         5


Dungeon Overview and Level Annotations

Branches:
Dungeon (6/15)
 Temple: D:4-7

Altars:
Makhleb
Ru
Zin

Shops:
D:5 *

Annotations:
D:2 Robin


Innate Abilities, Weirdness & Mutations

You are immune to sickness and miasma.
Your stone body is resilient. (AC +6)
You are immune to poison.
You resist negative energy. (rN+)
You are resistant to electric shocks. (rElec)
You are resistant to unholy torment.
You are immune to petrification.


Message History

Dowan is severely wounded.
Dowan is engulfed in blazing flames.
Dowan explodes!
Your Short Blades skill increases to level 2!
Maggie is engulfed in blazing flames.
Flame seeps out of Maggie.
Maggie is engulfed in blazing flames.
Flame seeps out of Maggie.
Maggie gestures wildly while chanting.
Maggie attempts to bespell you!
You are mesmerised by Maggie!
Maggie gestures wildly while chanting.
Maggie draws you further into her thrall.
Casting: Stone Arrow (safe; 1% risk of failure)
Confirm with . or Enter, or press ? or * to list all spells.
Aiming: Stone Arrow (safe; 1% risk of failure)
Press: ? - help, Shift-Dir - straight line, f - Maggie
Aim: Maggie, wielding a +2 long sword of draining and wearing +0 swamp dragon scales (moderately wounded, mesmerising, inner flame, 79% to hit)
The stone arrow hits Maggie.
Flame seeps out of Maggie.
Maggie is moderately wounded.
Maggie is engulfed in blazing flames.
Flame seeps out of Maggie.
Maggie casts a spell at you. The bolt of fire hits you!!
You are out of magic!
You cannot move away from Maggie!
Maggie is engulfed in blazing flames.
Flame seeps out of Maggie.
Maggie is engulfed in blazing flames.
Flame seeps out of Maggie.
Maggie points at you and mumbles some strange words.
The bolt of fire hits you!!
* * * LOW HITPOINT WARNING * * *
You cannot move away from Maggie!
Okay, then.
Okay, then.
As you read the scroll labelled CADDIKHL XOEMIA, it crumbles to dust.
It is a scroll of enchant armour.
Your +0 pair of gloves glows green for a moment.
Maggie is engulfed in blazing flames.
You break out of your daze!
Maggie explodes!
The fiery explosion engulfs you!!
Ouch! That really hurt!
You die...

+....# ....
######....###########
#...........@.....
#.#>........#####.
#.#......!......#.#
#.#.#.#§##....#.#.#
#.#...#§......#.#.#
#.#####§#####...#.#
#......§@.......#.#
#.#####.##.####...#
###
#.##........#######
#.##.##...........#
#.##.##.....#####..
##'##'##.....# ##.
#............#######
#............))).)..
#.........##########


There were no monsters in sight!

Vanquished Creatures
  Pikel (D:5)
  Maggie (D:6)
  A fire bat (D:6)
  Duvessa (D:6)
  2 orc warriors (D:6)
  An ice beast (D:6)
  A centaur (D:6)
  4 phantoms
  3 scorpions
  A necrophage (D:6)
  Dowan (D:6)
  A howler monkey (D:4)
  A jelly (D:5)
  A gnoll bouda (D:6)
  3 hounds
  2 iguanas
  2 orc wizards (D:6)
  5 gnolls (D:6)
  4 adders
  A shadow imp (D:5)
  An ufetubus (D:4)
  2 worms
  4 dart slugs
  11 orcs
  5 bats
  5 endoplasms
  6 giant cockroaches
  13 hobgoblins
  2 jackals (D:4)
  5 quokkas
  8 ball pythons
  3 frilled lizards (D:1)
  8 goblins
  6 kobolds
  5 rats
121 creatures vanquished.

Notes
Turn   | Place    | Note
-------+----------+-------------------------------------------
     0 | D:1      | PyroL the Gargoyle Earth Elementalist began the quest for
                  | the Orb.
     0 | D:1      | Reached XP level 1. HP: 10/10 MP: 3/3
   243 | D:1      | Reached XP level 2. HP: 13/15 MP: 3/5
   244 | D:1      | Reached skill level 4 in Earth Magic
   677 | D:1      | Reached XP level 3. HP: 19/19 MP: 4/6
  1278 | D:2      | Found a faded altar of an unknown god.
  1528 | D:2      | Reached XP level 4. HP: 24/24 MP: 4/8
  1528 | D:2      | Noticed Robin
  2010 | D:3      | Noticed a scorpion
  2095 | D:3      | Reached skill level 5 in Earth Magic
  2352 | D:3      | Learned a level 2 spell: Passwall
  2356 | D:3      | Learned a level 3 spell: Stone Arrow
  2435 | D:3      | Identified the +0 pair of boots of Action {*Corrode Str+3
                  | Int+5}
  2776 | D:4      | Found a burning altar of Makhleb.
  2875 | D:4      | Reached XP level 5. HP: 28/28 MP: 5/10
  3048 | D:4      | Reached skill level 1 in Conjurations
  3338 | D:3      | Reached skill level 6 in Earth Magic
  3338 | D:3      | Reached XP level 6. HP: 32/32 MP: 6/11
  3605 | D:5      | Entered Level 5 of the Dungeon
  3605 | D:5      | Found Xauroj's Assorted Antiques.
  3728 | D:5      | Noticed Pikel
  3741 | D:5      | Killed Pikel
  3742 | D:5      | Reached skill level 8 in Earth Magic
  3742 | D:5      | Reached XP level 7. HP: 36/36 MP: 3/13
  3954 | D:5      | Reached XP level 8. HP: 41/41 MP: 9/14
  4094 | D:5      | Reached skill level 9 in Earth Magic
  4291 | D:5      | Reached skill level 5 in Conjurations
  4507 | D:5      | Found a glowing silver altar of Zin.
  4507 | D:5      | Found a sacrificial altar of Ru.
  4796 | D:6      | Reached skill level 10 in Earth Magic
  4818 | D:6      | Reached skill level 1 in Fighting
  5154 | D:6      | Reached XP level 9. HP: 52/52 MP: 13/15
  5224 | D:6      | Noticed Duvessa
  5224 | D:6      | Noticed Dowan
  5230 | D:6      | Reached skill level 1 in Unarmed Combat
  5231 | D:6      | Killed Duvessa
  5232 | D:6      | Reached skill level 1 in Short Blades
  5268 | D:6      | Noticed Maggie
  5279 | D:6      | Killed Dowan
  5289 | D:6      | Killed Maggie
  5289 | D:6      | Killed by an exploding Maggie... ignited by their inner
                  | flame

Illustrated notes

Levels and vault maps discovered:
D:1:      dpeg_arrival_renting, layout_loops_ring, minmay_misc_feat_doors,
          st_stairs_3
D:2:      layout_loops_ring, nicolae_ecumenical_oubliette, uniq_robin
D:3:      layout_basic
D:4:      layout_basic, kennysheep_little_box
D:5:      layout_basic, gammafunk_temple_overflow_pools,
          minmay_misc_feat_hallway, nicolae_stop_n_shop_1, uniq_pikel
D:6:      layout_basic, uniq_duvessa, uniq_maggie

Skill      XL: |  1  2  3  4  5  6  7  8  9 |
---------------+----------------------------+-----
Earth Magic    | 4 5 6 8 10 | 10.0
Spellcasting   | 3 4 |  4.0
Conjurations   | 2 4 6 |  6.0
Fighting       | 4 |  4.0
Unarmed Combat | 2 |  2.2
Short Blades   | 2 |  2.0
Dodging        | 2 |  2.5
Stealth        | |  2.1
Transmutations | |  0.7

Action                   |  1- 3 |  4- 6 |  7- 9 || total
-------------------------+-------+-------+-------++-------
Melee: Unarmed           |    22 |       |       ||    22
       Dagger            |       |     1 |    42 ||    43
 Cast: Sandblast         |    52 |    58 |    68 ||   178
       Stone Arrow       |       |     2 |     8 ||    10
  Use: Scroll            |     3 |       |    13 ||    16
Armor: Robe              |    21 |    12 |    30 ||    63
Dodge: Dodged            |    28 |    19 |    34 ||    81

Table legend: (Time is in decaauts)
 A = Elapsed time spent in this place.
 B = Non-inter-level travel time spent in this place.
 C = Inter-level travel time spent in this place.
 D = Time resting spent in this place.
 E = Time spent auto-exploring this place.
 F = Levels seen in this place.
 G = Mean time per level.
                   A        B        C        D        E       F      G
               +--------+--------+--------+--------+--------+-----+--------+
         Total |   5373 |   5159 |    214 |     30 |   4222 |   6 |  895.5 |
       Dungeon |   5373 |   5159 |    214 |     30 |   4222 |   6 |  895.5 |
               +--------+--------+--------+--------+--------+-----+--------+

Top non-repeatable levels by time:
     D:1: 1030 daAuts
     D:5: 983 daAuts
     D:3: 969 daAuts
     D:2: 837 daAuts
     D:4: 815 daAuts
     D:6: 737 daAuts
